Cogmind - Beta 13 @@@ ROGUE MODE // 2024.03.15 @ 16:14:59 Player: opdo Result: Self-destructed Performance ------------- Evolutions (1) 500 Regions Visited (2) 400 Robots Destroyed (12) 60 Value Destroyed (273) 273 Prototype IDs (1) 20 Alien Tech Used (0) 0 Bonus (0) 0 TOTAL SCORE: 1253 Bonus ------- None Cogmind --------- Core Integrity 60/400 Matter 214/300 Energy 100/100 System Corruption 0% Temperature Cool (2) Movement Core (100) Ox1 Location -9/Materials Parts ------- > --- POWER (1) -------- (None) > --- PROPULSION (3) --- (None) > --- UTILITY (3) ------ Small Storage Unit Terrain Scanner Transport Network Coupler > --- WEAPON (2) ------- (None) > --- INVENTORY (8) ---- Weight Redist. System Peak State ------------ > --- POWER ------------ Light Ion Engine > --- PROPULSION ------- Aluminum Leg Aluminum Leg > --- UTILITY ---------- Small Storage Unit Terrain Scanner Transport Network Coupler > --- WEAPON ----------- Improved EM Shotgun Improved EM Shotgun > --- INVENTORY -------- Weight Redist. System Small Laser Assault Rifle Assault Rifle [Rating: 12] Favorites ----------- Power Light Ion Engine Engine Light Ion Engine Propulsion Aluminum Leg Leg Aluminum Leg Utility Small Storage Unit Device Terrain Scanner Storage Small Storage Unit Processor Transport Network Coupler Weapon Assault Rifle Energy Gun Improved EM Shotgun Ballistic Gun Assault Rifle Build | -11 -10 -9 ------- Run | Yrd Mat Mat Slots Evolved 2 | . . 2 Power . | . . . Propulsion 1 | . . 1 Utility 1 | . . 1 Weapon . | . . . Parts Attached 18 | 6 5 7 Power 2 | 1 . 1 Engine 2 | 1 . 1 Core . | . . . Reactor . | . . . Propulsion 4 | 2 2 . Treads . | . . . Leg 4 | 2 2 . Wheel . | . . . Hover . | . . . Flight . | . . . Utility 3 | 1 1 1 Device 1 | . . 1 Storage 1 | 1 . . Processor 1 | . 1 . Hackware . | . . . Protection . | . . . Artifact . | . . . Weapon 9 | 2 2 5 Energy Gun 5 | 1 1 3 Energy Cannon . | . . . Ballistic Gun 4 | 1 1 2 Ballistic Cannon . | . . . Launcher . | . . . Special Weapon . | . . . Impact Weapon . | . . . Slashing Weapon . | . . . Piercing Weapon . | . . . Special Melee Weapon . | . . . Unidentified Prototypes 1 | . . 1 Parts Lost 10 | . 1 9 Power 2 | . . 2 Propulsion 2 | . . 2 Utility . | . . . Weapon 6 | . 1 5 Highest Loss Streak 9 | . 1 9 To Critical Strikes . | . . . Average Slot Usage (%) 82 | . 86 77 Engine 11 | . 14 8 Leg 23 | . 28 18 Device 5 | . . 10 Storage 12 | . 14 11 Processor 6 | . 2 11 Energy Gun 13 | . 13 14 Ballistic Gun 9 | . 14 4 Naked Turns . | . . . Heaviest Build 15 | 12 12 15 Greatest Support 20 | 20 20 20 Greatest Overweight (x) 1 | 1 . . Average Overweight (x) . | . . . Largest Inventory Capacity 8 | 8 8 8 Average Capacity 7 | 7 8 8 Most Carried 6 | 5 5 6 Average Carried 2 | 1 1 3 Final Capacity 8 | 8 8 8 Final Carried 5 | 1 5 1 Class Distribution -------------------- 100% | Mutant Dominant Class ---------------- Mutant | -10/Materials Mutant | -9/Materials Resources | -11 -10 -9 ----------- Run | Yrd Mat Mat Matter Collected 310 | 164 127 19 Remotely . | . . . Salvage Created 401 | . 141 260 Parts 32 | . 13 19 Haulers Intercepted 1 | . 1 . Recyclers Shooed . | . . . Parts Field Recycled . | . . . Retrieved Matter . | . . . Parts Self-Destructed . | . . . Prevented . | . . . Kills | -11 -10 -9 ------- Run | Yrd Mat Mat Combat Hostiles Destroyed 10 | . 2 8 Guns 10 | . 2 8 Classes Destroyed 5 | . 3 2 Hauler 1 | . 1 . Operator 1 | . 1 . Swarmer 5 | . . 5 Grunt 3 | . 2 1 Sentry 2 | . . 2 Best Kill Streak 4 | . 3 4 Combat Bots Only 4 | . 2 4 Max Kills in Single Turn 1 | . 1 1 Gunslinging . | . . . Exploded . | . . . Melee . | . . . Uniques/NPCs Destroyed . | . . . Combat | -11 -10 -9 -------- Run | Yrd Mat Mat Hostile Shots Fired 119 | . 12 107 Missed 19 | . 1 18 Damage Taken 1285 | . 204 1081 Core 353 | . 13 340 Absorbed by Shields . | . . . Core Remaining (%) 97 | 100 94 . Volleys Fired 34 | . 10 24 Largest 2 | . 2 2 Hottest 90 | . 60 90 Shots Fired 55 | . 19 36 Gun 55 | . 19 36 Cannon . | . . . Launcher . | . . . Special . | . . . Kinetic 22 | . 10 12 Thermal 11 | . 4 7 Explosive . | . . . Electromagnetic 22 | . 5 17 Robot Hit Streak 9 | . 5 9 Robot Miss Streak 4 | . 2 4 Penetration Max . | . . . Secondary Targets 2 | . 1 1 Max Gunslinging Chain 1 | . 1 1 Shots Hit Robots 39 | . 12 27 Core Hits 20 | . 8 12 Critical Kills . | . . . Critical Parts Destroyed . | . . . Critical Strikes . | . . . Melee Attacks . | . . . Impact . | . . . Slashing . | . . . Piercing . | . . . Sneak Attacks . | . . . Combat Hostiles . | . . . Follow-up Attacks . | . . . Damage Inflicted 558 | . 153 405 Guns 520 | . 153 367 Cannons . | . . . Explosions 38 | . . 38 Melee . | . . . Ramming . | . . . Kinetic 190 | . 74 116 Thermal 137 | . 35 102 Explosive . | . . . Electromagnetic 231 | . 44 187 Impact . | . . . Slashing . | . . . Piercing . | . . . Highest Corruption . | . . . Average Corruption . | . . . Corruption Purged . | . . . Corruption Blocked . | . . . Overload Shots . | . . . Overflow Damage . | . . . Projectiles . | . . . Explosions . | . . . Melee . | . . . Knockbacks . | . . . Impact . | . . . Kinetic . | . . . Secondary . | . . . Self-Inflicted Damage 44 | . . 44 Shots 1 | . . 1 Rammed . | . . . Targets Rammed . | . . . Kicked . | . . . Crushed . | . . . Highest Temperature 84 | . 45 84 Average Temperature 22 | . 22 22 Received Heat Transfer 399 | . 96 303 Siege Activations . | . . . Robots Corrupted . | . . . Combat Hostiles . | . . . Parts Fried 1 | . . 1 Impact Corruptions . | . . . Robots Melted . | . . . Combat Hostiles . | . . . Parts Melted . | . . . Heat Transferred 275 | . 75 200 Parts Sabotaged . | . . . Parts Stolen . | . . . Parts Stripped . | . . . Power Chain Reactions 1 | . . 1 Alert | -11 -10 -9 ------- Run | Yrd Mat Mat Peak Influence 248 | . 72 248 Initial 29 | . . 29 Average 64 | . 31 114 Maximum Alert Level 1 | . . 1 Low Security (%) 87 | 100 100 71 Level 1 12 | . . 28 Level 2 . | . . . Level 3 . | . . . Level 4 . | . . . Level 5 . | . . . High Security . | . . . Max Security . | . . . Squads Dispatched . | . . . Investigation . | . . . Extermination . | . . . Reinforcement . | . . . Assault . | . . . Garrison . | . . . Intercept . | . . . Searches Triggered . | . . . Construction Impeded . | . . . Haulers Reinforced . | . . . Active Scanning Responses . | . . . Cargo Convoy Interrupts . | . . . Stealth | -11 -10 -9 --------- Run | Yrd Mat Mat Distress Signals . | . . . Communications Jammed . | . . . Distress Signals . | . . . Times Spotted 19 | . 4 15 Peak Tracking Total 7 | . 4 7 Tactical Retreats 2 | . . 2 Traps | -11 -10 -9 ------- Run | Yrd Mat Mat Traps Triggered 1 | . 1 . Indirectly . | . . . Trap Hack Attempts . | . . . Triggered . | . . . Disarmed . | . . . Reprogrammed . | . . . Reused . | . . . Traps Extracted . | . . . Installed . | . . . Triggered . | . . . Machines | -11 -10 -9 ---------- Run | Yrd Mat Mat Machines Disabled . | . . . Max in Single Turn . | . . . Machines Repaired . | . . . Machines Dismantled . | . . . Machines Sabotaged . | . . . Overloaded Fab Kills . | . . . Hacking | -11 -10 -9 --------- Run | Yrd Mat Mat Machines Accessed 3 | . 1 2 Terminals 3 | . 1 2 Fabricators . | . . . Repair Stations . | . . . Recycling Units . | . . . Scanalyzers . | . . . Garrison Access . | . . . Total Hacks 4 | . 1 3 Successful 2 | . 1 1 Failed 2 | . . 2 Catastrophic 1 | . . 1 Database Lockouts . | . . . Manual 5 | . 2 3 Terminals 4 | . 1 3 Fabricators . | . . . Repair Stations . | . . . Recycling Units . | . . . Scanalyzers . | . . . Garrison Access . | . . . Terminal Hacks 2 | . 1 1 Emergency Access Points 1 | . 1 . Hauler Manifests 1 | . . 1 Fabricator Hacks . | . . . Repair Station Hacks . | . . . Recycling Unit Hacks . | . . . Scanalyzer . | . . . Garrison Access Hacks . | . . . Unauthorized Hacks . | . . . Terminals . | . . . Fabricators . | . . . Repair Stations . | . . . Recycling Units . | . . . Scanalyzers . | . . . Garrison Access . | . . . Data Cores Recovered . | . . . Used . | . . . Hacking Detections 2 | . . 2 Full Trace Events . | . . . Feedback Events . | . . . Feedback Blocked . | . . . Robot Schematics Acquired . | . . . Robots Built . | . . . Authchips . | . . . Time . | . . . Total Robot Build Rating . | . . . Part Schematics Acquired . | . . . Parts Built . | . . . Authchips . | . . . Time . | . . . Total Part Build Rating . | . . . Parts Repaired . | . . . Time . | . . . Parts Recycled . | . . . Recycled Matter . | . . . Retrieved Matter . | . . . Retrieved Components . | . . . Parts Scanalyzed . | . . . Part Schematics Acquired . | . . . Parts Damaged . | . . . Bothacking | -11 -10 -9 ------------ Run | Yrd Mat Mat Used RIF Installer . | . . . Robots Hacked . | . . . Non-combat . | . . . Combat . | . . . Robot Hacks Applied . | . . . Relay Couplers Released . | . . . Fabnet Peak Effective % . | . . . Robots Rewired . | . . . Allies Hacked . | . . . Hacks Repelled . | . . . Allies | -11 -10 -9 -------- Run | Yrd Mat Mat Total Allies . | . . . Largest Group . | . . . Highest-Rated Group . | . . . Highest-Rated Ally . | . . . Total Orders . | . . . Ally Attacks . | . . . Total Damage . | . . . Kills . | . . . Allies Corrupted . | . . . Allies Melted . | . . . Intel | -11 -10 -9 ------- Run | Yrd Mat Mat Robot Analysis Total . | . . . Derelict Logs Recovered . | . . . Drone Launches . | . . . Drone Recoveries . | . . . Exploration | -11 -10 -9 ------------- Run | Yrd Mat Mat Turns Passed 429 | 48 194 187 Spaces Moved 255 | 34 128 93 Core 13 | 13 . . Treads . | . . . Legs 242 | 21 128 93 Wheels . | . . . Hover . | . . . Flight . | . . . Fastest Speed 50 | 50 120 120 Average Speed 118 | 105 120 120 Slowest Speed 190 | 190 120 120 Overloaded Moves . | . . . Propulsion Burnouts . | . . . Robots Hopped . | . . . Cave-ins Triggered . | . . . Exploration Rate (%) 12 | 3 22 12 Regions Visited 2 Branch Regions . Pre-discovered Areas . | . . . Known Exits Taken . | . . . Unknown Exits Taken 2 | 1 1 . Scrap Searched . | . . . Spaces Dug . | . . . Terrain Destroyed 8 | . . 8 Melee . | . . . Projectile . | . . . AOE 8 | . . 8 Terrain Rammed . | . . . Walls Destroyed . | . . . Machines Disabled . | . . . Actions | -11 -10 -9 --------- Run | Yrd Mat Mat Total 326 | 46 148 132 Wait 1 | . . 1 Move 253 | 33 127 93 Hop . | . . . Pick Up 17 | 7 6 4 Fast Attach . | . . . Attach 13 | 6 2 5 Detach . | . . . Swap 5 | . 3 2 Drop 3 | . . 3 Fire 34 | . 10 24 Melee . | . . . Ram . | . . . Kick . | . . . Crush . | . . . Escape Stasis . | . . . Rewire . | . . . Trap . | . . . Miscellaneous . | . . . Route ------- -11/Scrapyard -10/Materials -9/Materials History --------- Turn | Location | Event 11 | -11/Scrapyard | Discovered new exit (range 16) 49 | -11/Scrapyard | Entered Materials 193 | -10/Materials | Discovered new exit (range 15) 243 | -10/Materials | Entered another Materials area 243 | -9/Materials | Evolved 2 slots: Propulsion x1, Utility x1 313 | -9/Materials | Build established: Mutant 408 | -9/Materials | Core integrity fell below 50% 429 | -9/Materials | Core integrity fell below 20% 430 | -9/Materials | Self-destructed Last Messages --------------- Lgt. Ion Engine destroyed. Imp. EM Shotgun destroyed. S-10 Pest destroyed. Acquired 19 matter. S-10 Pest destroyed. Critical hit (Burn: +37). Acquired Lgt. Ion Engine. Imp. EM Shotgun destroyed. Critical hit (Burn: +37). Aluminum Leg destroyed. Critical hit (Burn: +37). Assault Rifle destroyed. Critical hit (Burn: +37). Lgt. Ion Engine destroyed. Y-45 Defender destroyed. Aluminum Leg destroyed. S-10 Pest destroyed. Switching to secondary target: Y-45 Defender. Assault Rifle destroyed. Sml. Laser destroyed. Map ----- +----------------------------------------------------+ | ????????????????????????? ???# # """ [ T#??? | | ?????????????????????????#+#?###+#### "#??? | | ?????????????????????????# #???# #??# #??? | | ???????????????????####### #???# #??###########??? | | ???????????????????# ! # #???# #????#??????????? | | ???????????????????# # #???# #??????#??????#?? | | ???????????????????# """ # #?### ###???#?????????? | | ???????????????????# """ # ### #??????????#??? | | ???????????????????# """ # ### ##?#?#????????? | | ?????????????? ????# + T #?????????????? | | ???????????????????# # ### #?????????????? | | ???????????????????####/## #?# #?????????????? | | ?????????#??????????#?# #?#########???????????? | | ??????????????????????# #? #???????????? | | ?????????????????####?# #a #???????????? | | ?????????????????#"""## + #???????????? | | ?????????????????#"!="# # #???????????? | | ???????????????? # =%[" #??########???????????? | | ?????????????????#[!! " #####?????####????????? | | ?????????????????#[! " ##### #???????? | | ????????????? ???# # #???????? | | ???????????????? # + +???????? | | ?????????????????# "" #### #???????? | | ?????????????????# "T #??# ##### ????????? | | ????????????????## "" #?####+#####???????????????? | | ???????????? ????# #?#@!Y== ##?#????????????? | | ????????????? ???######?# [sY """#???????????????? | | ?????????????????#??????# =!s """#???????????????? | | ??????????????????#??#??# =s """#?#?????????????? | | ?????????????????????#??# #???????????????? | | ????????????????????????# """#??? ???????????? | | ????????????????????????# """#???????????????? | | ????????????????????????# """#??? ???????????? | | ????????????????????????# ????????????????? | | ???????????????????#????#########????????????????? | | ???????????????????#??##?????????????????????????? | | ???????????????????#?????#???????????????????????? | | ??????????????????????????????#?#????????????????? | | ??????????????????????????#??????????????????????? | | ?????????????????????????????????????????????????? | | | | | | | | | | | | | | | | | | | | | +----------------------------------------------------+ Best States ------------- Heat Dissipation 28 Energy Generation 10 Energy Capacity 125 Matter Stores 256 Matter Capacity 300 Sight Range 16 Terrain Scan Range 14 Terrain Scan Density 10 Evasion (%) 55 Item Schematics ----------------- None Robot Schematics ------------------ None Fabricated ------------ Nothing Alien Tech Used ----------------- None Achievements -------------- None Challenges ------------ None Game ------ Seed NavigationPotentialScythe Manual? 0 Play Time 00:09:26 Cumulative 6.6 hours Start 2024.03.15 @ 16:00:58 End 2024.03.15 @ 16:14:59 Sessions 1 Manual Loads 0 Difficulty Rogue Special Mode None Game No. 16 Rogue 14 Adventurer 2 Explorer 0 Win Type - Total 0 Types 0/0/0/0/0/0/0/0/0 Lore% 10 Gallery% 19 Achievement% 11 Wizard Run 0 Options --------- Layout 1 ASCII 0 Keyboard 0 Movement Arrows Keybinds 0 Fullscreen 1 Font 24/Smallcaps Map View 50x35 Zoom Use 0% Tactical HUD 0 Map Filters NONE Filters NONE Steam 1 RUN: 116b1bbe-a967-40a8-8822-03dcd634e971